 Dungeon Crawl Stone Soup version 0.27.1 (webtiles) character file.

Game seed: 434588535197442589

3131 Zentoyo2 the Blocker (level 9, -12/83 HPs)
             Began as a Troll Fighter on Aug 22, 2021.
             Mangled by a yak (14 damage)
             ... on level 9 of the Dungeon.
             The game lasted 00:20:56 (5782 turns).

Zentoyo2 the Blocker (Troll Fighter)                Turns: 5782, Time: 00:20:56

Health: -12/83     AC:  4    Str: 29    XL:     9   Next: 61%
Magic:  8/8        EV: 10    Int:  4    God:
Gold:   377        SH: 16    Dex:  9    Spells: 8/8 levels left

rFire    . . .     SeeInvis +     - Unarmed
rCold    . . .     Faith    .   b - +0 kite shield
rNeg     + . .     Spirit   .   a - +0 robe
rPois    .         Reflect  +   (helmet restricted)
rElec    .         Harm     .   (no cloak)
rCorr    .         Rampage  .   (gloves unavailable)
Will     .....                  (boots unavailable)
Stlth    +.........             y - amulet of reflection
HPRegen  1.23/turn              g - ring of positive energy
MPRegen  0.11/turn              t - ring of see invisible

@: no status effects
A: large, unfitting armour, claws 3, regeneration 1, shaggy fur 1, tough skin 1
a: no special abilities


You were on level 9 of the Dungeon.
You visited 1 branch of the dungeon, and saw 10 of its levels.

You collected 377 gold pieces.

Inventory:

Missiles
 p - 5 atropa-tipped darts (quivered)
 x - 28 poisoned darts
Armour
 a - a +0 robe (worn)
 b - a +0 kite shield (worn)
Jewellery
 g - a ring of positive energy (left claw)
 l - a ring of magical power
 m - a ring of magical power
 t - a ring of see invisible (right claw)
 y - an amulet of reflection (around neck)
 z - an amulet of the acrobat
Wands
 u - a wand of digging (5)
 A - a wand of flame (6)
Scrolls
 e - 4 scrolls of blinking {unknown}
 f - 7 scrolls of identify {unknown}
 i - a scroll of enchant armour {unknown}
 n - 3 scrolls of teleportation {unknown}
 o - a scroll of enchant weapon {unknown}
 q - 3 scrolls of fear {unknown}
 r - a scroll of fog {unknown}
Potions
 c - 2 potions of might
 d - 3 potions of resistance {unknown}
 h - 3 potions of mutation {unknown}
 j - 3 potions of curing {unknown}
 k - a potion of ambrosia {unknown}
 s - 3 potions of heal wounds {unknown}
 v - a potion of attraction {unknown}
 w - 2 potions of lignification {unknown}


   Skills:
 + Level 3.5 Fighting
 + Level 4.1 Dodging
 - Level 9.3 Shields
 + Level 7.0 Unarmed Combat


You had 8 spell levels left.
You didn't know any spells.
Your spell library contained the following spells:

 Spells                   Type           Power      Damage    Failure   Level
 Gell's Gravitas          Tloc           0%         N/A       86%         3
 Lesser Beckoning         Tloc           0%         N/A       86%         3
 Teleport Other           Tloc           0%         N/A       86%         3


Dungeon Overview and Level Annotations

Branches:
Dungeon (10/15)
 Temple: D:4-7         Lair: D:8-11         Orc: D:9-12

Altars:
Dithmenos
Kikubaaqudgha
Makhleb
Qazlal
The Shining One

Shops:
D:1 *   D:5 [

Annotations:
D:10 Maggie


Innate Abilities, Weirdness & Mutations

You are too large for most types of armour.
You have claws for hands.
Your natural rate of healing is unusually fast.
You are covered in fur. (AC +1)
You have tough skin. (AC +1)


Message History

A kobold comes into view. It is wielding a +0 club.
Found a bone wand.
You feel sick.
You feel sick.
You feel sick. You block the kobold's attack.
You feel sick.
You are no longer poisoned.
You see here a wand of flame (6).
A - a wand of flame (6)
The kobold barely misses you.
The kobold brigand throws a poisoned dart.
You reflect the poisoned dart off an invisible shield around you!
The poisoned dart hits the kobold brigand!
The kobold brigand is poisoned.
There is a stone staircase leading up here.
You block the kobold's attack.
You climb upwards.
The yak gores you. You block the yak's attack.
An orc wizard comes into view. It is wielding a +0 dagger.
You block the yak's attack. The yak gores you!
There is a stone staircase leading down, spattered with blood here.
Items here: (( ))) †††.
You closely miss the kobold.
The orc wizard shouts!
You block the yak's attack. You block the kobold's attack.
You closely miss the kobold. You block the yak's attack. x2
The kobold misses you.
You mangle the kobold!!
You kill the kobold!
The yak gores you! x2
Your Unarmed Combat skill increases to level 7!
You mangle the yak!!
The yak is heavily wounded.
You block the yak's attack. x2; The yak gores you.
You scratch the yak.
The yak is heavily wounded.
The yak gores you! x2
* * * LOW HITPOINT WARNING * * *
The yak gores you!
* * * LOW HITPOINT WARNING * * *
You block the yak's attack. The yak gores you!
You die...

# # # # ####.. # ..#
#...... ###.###..... ##
#...##..Y.# ..
<........# ..
..####.#### .####
.##.......# ####......
.....(..YY### ##@Yo.#
.....####...###YY####
.###.# #.#.##..####
.###.## #..........##
.##...###..###.###..###
.# .)))_......###.#
##...## #..#
###...##..###.[#
###..##..... #
##.###..# #.##
###.......# # #.###..#
#.# ####...##....#


You could see 3 yaks and an orc wizard.

Vanquished Creatures
  Pikel (D:7)
  Grinder (D:5)
  Sigmund (D:4)
  2 orc warriors
  Duvessa (D:6)
  A hornet zombie (D:7)
  An ogre (D:4)
  A necrophage (D:5)
  2 centaurs
  3 kobold brigands
  2 bullfrogs
  3 scorpions
  A water moccasin zombie (D:6)
  A wyvern zombie (D:5)
  Dowan (D:6)
  3 killer bees (D:10)
  A howler monkey (D:6)
  2 hounds (D:5)
  3 orc priests
  A centaur skeleton (D:5)
  7 iguanas
  3 orc wizards
  A scorpion zombie (D:5)
  A killer bee zombie (D:7)
  Robin (D:4)
  8 gnolls
  A howler monkey skeleton (D:5)
  2 adders
  An ufetubus (D:7)
  An adder skeleton (D:4)
  A worm (D:2)
  A dart slug (D:1)
  21 orcs
  5 endoplasms
  4 giant cockroaches
  8 hobgoblins
  4 jackals (D:1)
  10 kobolds
  4 quokkas
  2 ball pythons
  4 bats (D:1)
  5 frilled lizards
  10 goblins
  2 rats
139 creatures vanquished.

Vanquished Creatures (others)
  An orc wizard (D:5)
  A bush (D:6)
2 creatures vanquished.

Grand Total: 141 creatures vanquished

Notes
Turn   | Place    | Note
-------+----------+-------------------------------------------
     0 | D:1      | Zentoyo2 the Troll Fighter began the quest for the Orb.
     0 | D:1      | Reached XP level 1. HP: 22/22 MP: 0/0
    32 | D:1      | Found a faded altar of an unknown god.
    52 | D:1      | Found Netwank's General Store.
   145 | D:1      | Reached XP level 2. HP: 27/29 MP: 1/1
   424 | D:2      | Reached XP level 3. HP: 35/36 MP: 2/2
   506 | D:2      | You fall into a shaft and drop 1 floor!
   514 | D:3      | Found a stormy altar of Qazlal.
   547 | D:3      | Reached skill level 3 in Shields
  1330 | D:4      | Noticed Robin
  1346 | D:4      | Reached XP level 4. HP: 34/44 MP: 3/3
  1366 | D:4      | Killed Robin
  1367 | D:4      | Noticed Sigmund
  1375 | D:4      | Killed Sigmund
  1376 | D:4      | Reached XP level 5. HP: 12/52 MP: 4/4
  1492 | D:4      | Reached XP level 6. HP: 46/59 MP: 5/5
  1774 | D:4      | Reached skill level 5 in Unarmed Combat
  2588 | D:5      | Entered Level 5 of the Dungeon
  2602 | D:5      | Reached XP level 7. HP: 35/67 MP: 6/6
  2683 | D:5      | Noticed Grinder
  2706 | D:5      | Killed Grinder
  2835 | D:5      | Reached skill level 4 in Shields
  3124 | D:5      | Reached XP level 8. HP: 71/75 MP: 7/7
  3129 | D:5      | Identified the +4 leather armour of Asuddiy {Harm +Blink
                  | rElec Int-5}
  3146 | D:5      | Found Oneiwav's Armour Emporium.
  3377 | D:5      | Reached skill level 5 in Shields
  3830 | D:6      | Found a burning altar of Makhleb.
  3842 | D:6      | Noticed Duvessa
  3842 | D:6      | Noticed Dowan
  3848 | D:6      | Killed Dowan
  3852 | D:6      | Killed Duvessa
  3853 | D:6      | Reached skill level 6 in Shields
  3881 | D:6      | Identified the +0 chain mail of Beicsipt {Drain rC+ Regen+}
  4455 | D:6      | Reached skill level 7 in Shields
  4667 | D:7      | Noticed Pikel
  4709 | D:7      | Killed Pikel
  4710 | D:7      | Reached skill level 8 in Shields
  4710 | D:7      | Reached XP level 9. HP: 56/83 MP: 8/8
  4880 | D:7      | Noticed a seven-headed hydra
  5513 | D:9      | Found a glowing golden altar of the Shining One.
  5529 | D:9      | Reached skill level 9 in Shields
  5648 | D:10     | Entered Level 10 of the Dungeon
  5734 | D:10     | Noticed Maggie
  5752 | D:10     | Found a shadowy altar of Dithmenos.
  5753 | D:10     | Found an ancient bone altar of Kikubaaqudgha.
  5782 | D:9      | HP: 2/83 [yak (14)]
  5782 | D:9      | Mangled by a yak

Illustrated notes

Levels and vault maps discovered:
D:1:      dpeg_arrival_rooms_with_view, layout_rooms, serial_shops,
          nicolae_shop_behind_doors, ebering_ecumenical_altar_petrified
D:2:      layout_basic, kennysheep_minor_cross
D:3:      layout_loops_corners, mainiacjoe_overflow_concentric_impassable
D:4:      layout_layer_cave, minmay_misc_feat_alley, uniq_robin, uniq_sigmund
D:5:      layout_loops_ring, serial_shops, shop, minivault_4, uniq_grinder
D:6:      layout_loops_ring, old_standard_altar, kb_lookout_dungeons_type,
          minmay_fractal_squares_5, uniq_duvessa
D:7:      layout_basic, minmay_temple_entry_tees, uniq_pikel
D:8:      layout_basic, serial_bayou_crossing, uniq_maurice
D:9:      layout_rooms, nicolae_overflow_crystal_walls, uniq_harold
D:10:     layout_rooms, chequers_temple_overflow_statue_of_worship,
          lemuel_coloured_pillars_altar, mainiacjoe_overflow_six_doors_small,
          uniq_maggie

Skill      XL: |  1  2  3  4  5  6  7  8  9 |
---------------+----------------------------+-----
Shields        | 3 4 8 9 |  9.3
Dodging        | 3 4 |  4.1
Unarmed Combat | 4 5 6 7 |  7.0
Fighting       | 3 |  3.5

Action                   |  1- 3 |  4- 6 |  7- 9 || total
-------------------------+-------+-------+-------++-------
Melee: Unarmed           |   124 |    78 |   300 ||   502
 Stab: Sleeping          |     1 |       |       ||     1
Armor: Robe              |    34 |     9 |    41 ||    84
Dodge: Dodged            |    33 |    26 |   107 ||   166
Block: Kite shield       |    52 |    27 |   178 ||   257
       Reflection        |       |       |     2 ||     2
